 Dungeon Crawl Stone Soup version 0.21.0-26-g889b8f6872 (webtiles) character file.

14401 moonlyer the Eclecticist (level 11, -12/60 HPs)
             Began as a Deep Elf Wizard on Jan 28, 2018.
             Was an Elder of Vehumet.
             Mangled by an orc warrior
             ... wielding a +0 trident
              (13 damage)
             ... on level 1 of the Orcish Mines.
             The game lasted 02:18:58 (16376 turns).

moonlyer the Eclecticist (Deep Elf Wizard)         Turns: 16376, Time: 02:18:58

Health: -12/60     AC:  5    Str:  4    XL:     11   Next: 88%
Magic:  28/41      EV: 16    Int: 25    God:    Vehumet [****..]
Gold:   730        SH:  0    Dex: 15    Spells: 9/40 levels left

rFire    + . .     SeeInvis .   k - +4 dagger (venom)
rCold    + . .     Gourm    .   (no shield)
rNeg     . . .     Faith    .   o - +2 robe {rC+ rF+}
rPois    .         Spirit   .   b - +0 hat
rElec    .         Reflect  .   (no cloak)
rCorr    +         Harm     .   t - +0 pair of gloves
MR       +....                  (no boots)
Stlth    +++.......             (no amulet)
HPRegen  0.20/turn              X - ring of magical power
MPRegen  0.27/turn              f - ring of resist corrosion

@: no status effects
A: no striking features
a: Renounce Religion


You were on level 1 of the Orcish Mines.
You worshipped Vehumet.
Vehumet was greatly pleased with you.
You were hungry.

You visited 3 branches of the dungeon, and saw 13 of its levels.
You also visited: Ossuary.

You collected 730 gold pieces.

Inventory:

Hand Weapons
 k - a +4 dagger of venom (weapon)
 V - a cursed -1 hunting sling
Missiles
 n - 188 sling bullets
 q - 38 poisoned needles
 r - 242 arrows
 u - 31 bolts
Armour
 b - a +0 hat (worn)
 e - a +1 pair of boots
 i - a +0 robe
 o - a +2 robe of resistance (worn)
 t - a +0 pair of gloves (worn)
 F - a +0 pair of boots
 N - a +1 robe
Jewellery
 f - a ring of resist corrosion (right hand)
 A - an uncursed ring of fire
 X - a ring of magical power (left hand)
 Z - an uncursed ring of protection from magic {unknown}
Wands
 h - a wand of random effects (22)
 z - a wand of enslavement (13)
 D - a wand of iceblast (13)
 P - a wand of paralysis (6)
 S - a wand of acid (12)
 U - a wand of flame (43)
Scrolls
 m - 16 scrolls of identify
 s - a scroll of amnesia
 v - 3 scrolls of fog
 y - a scroll of vulnerability {unknown}
 H - 6 scrolls of remove curse
 K - 3 scrolls of fear
 L - a scroll of noise {unknown}
 Q - 2 scrolls of immolation
 R - 2 scrolls of enchant armour
 T - a scroll of magic mapping {unknown}
 Y - a scroll of enchant weapon {unknown}
Potions
 a - 5 potions of curing {unknown}
 g - 2 potions of cancellation
 j - a potion of might {unknown}
 l - 3 potions of haste
 p - a potion of mutation {unknown}
 w - 2 potions of invisibility {unknown}
 I - 2 potions of flight {unknown}
 J - a potion of magic {unknown}
Books
 c - a book of Minor Magic

   Spells                             Type                      Level
   a - Magic Dart                     Conjuration                  1
   b - Blink                          Translocation                2
   c - Call Imp                       Summoning                    2
   d - Slow                           Hexes                        2
   e - Conjure Flame                  Conjuration/Fire             3
   f - Mephitic Cloud                 Conjuration/Poison/Air       3
 x - a book of Conjurations

   Spells                             Type                      Level
   a - Magic Dart                     Conjuration                  1
   b - Searing Ray                    Conjuration                  2
   c - Dazzling Spray                 Conjuration/Hexes            3
   d - Fulminant Prism                Conjuration/Hexes            4
   e - Force Lance                    Conjuration/Translocation    4
   f - Iskenderun's Mystic Blast      Conjuration                  4
Comestibles
 d - 9 rations


   Skills:
 + Level 3.2 Fighting
 + Level 3.1 Short Blades
 + Level 0.5 Throwing
 + Level 7.0 Dodging
 + Level 5.7 Stealth
 + Level 15.2 Spellcasting
 + Level 8.8 Conjurations
 + Level 2.4 Hexes
 + Level 6.0 Summonings
 + Level 6.5 Translocations
 + Level 3.0 Fire Magic
 + Level 1.3 Air Magic
 + Level 3.9 Poison Magic
 + Level 0.3 Evocations


You had 9 spell levels left.
You knew the following spells:

 Your Spells              Type           Power        Failure   Level  Hunger
a - Magic Dart            Conj           ####         1%          1    None
b - Blink                 Tloc           N/A          1%          2    None
c - Call Imp              Summ           #####...     1%          2    None
d - Mephitic Cloud        Conj/Pois/Air  #####...     1%          3    None
e - Slow                  Hex            ####....     1%          2    None
f - Searing Ray           Conj           ######       1%          2    None
g - Flame Tongue          Conj/Fire      #####        1%          1    None
h - Dazzling Spray        Conj/Hex       #####.       1%          3    None
i - Iskenderun's Mystic   Conj           ######..     1%          4    None
j - Throw Flame           Conj/Fire      #####.       1%          2    None
k - Stone Arrow           Conj/Erth      #####.       1%          3    None
l - Conjure Flame         Conj/Fire      #####...     1%          3    None
m - Ignite Poison         Fire/Tmut/Pois ####....     1%          3    None


Dungeon Overview and Level Annotations

Branches:
Dungeon (11/15)            Temple (1/1) D:5            Lair (0/6) D:10
    Orc (1/2) D:11

Altars:
Ashenzari
Cheibriados
Dithmenos
Elyvilon
Fedhas
Gozag
Hepliaklqana
Kikubaaqudgha
Makhleb
Nemelex Xobeh
Okawaru
Qazlal
Ru
Sif Muna
Trog
Uskayaw
Vehumet
Wu Jian
Xom
Yredelemnul
Zin
The Shining One

Annotations:
D:9 FessEmpty2's ghost, novice DsFi
D:10 ShornTheSheep's ghost, journeyman GnBe


Message History

Casting: Throw Flame
Confirm with . or Enter, or press ? or * to list all spells.
Aiming: Throw Flame
Press: ? - help, Shift-Dir - straight line, f/p - orc warrior
Aim: an orc warrior, wielding a trident and wearing a chain mail (severely wounded, blind)
The puff of flame hits the orc warrior.
The orc warrior is almost dead.
The orc warrior hits you from afar with a trident!
* * * LOW HITPOINT WARNING * * *
Casting: Throw Flame
Confirm with . or Enter, or press ? or * to list all spells.
Aiming: Throw Flame
Press: ? - help, Shift-Dir - straight line, f/p - orc warrior
Aim: an orc warrior, wielding a trident and wearing a chain mail (almost dead, blind)
The puff of flame misses the orc warrior.
The orc warrior is no longer blind.
The orc warrior hits you from afar with a trident!
* * * LOW HITPOINT WARNING * * *
The orc warrior hits you from afar with a trident!
You die...

.......$. .
.......[#.
.##.........
##.#.........
#............ ##
#.#........$
##..##..........
#.......[.)[.[..
##..#..@)[[>....
##.#)o......
#...##......
#... ...... ....
..... .....
..#.. ##.#.. ..
. .#... .#.


You could see an orc warrior.

Vanquished Creatures
  Erolcha (D:9)
  A hydra (D:11)
  A two-headed ogre (D:8)
  Erica (D:8)
  Nergalle (D:11)
  Pikel (D:7)
  An orc sorcerer (Orc:1)
  A cyclops (D:11)
  A centaur zombie (D:10)
  Joseph (D:8)
  Psyche (D:8)
  A centaur skeleton (D:11)
  Prince Ribbit (D:5)
  A hippogriff (D:11)
  A meliai zombie (D:9)
  A spriggan (D:8)
  A yak (D:11)
  A wraith (D:10)
  3 wyverns
  4 porcupines (D:10)
  4 black bears
  4 sky beasts
  4 ice beasts
  6 orc warriors
  3 necrophages
  7 ogres
  A centaur (D:6)
  3 crocodiles (D:10)
  3 big kobolds
  An elf zombie (D:8)
  3 bullfrogs
  2 elf skeletons (D:8)
  2 scorpions
  17 killer bees
  6 wights
  6 electric eels (D:6)
  4 howler monkeys
  2 bullfrog zombies
  5 crimson imps
  2 human zombies (D:8)
  5 orc priests
  2 hounds
  5 jellies
  6 orc wizards
  A bullfrog skeleton (D:11)
  7 worker ants
  4 big kobold zombies (Ossuary)
  An ogre zombie (D:8)
  A hound skeleton (D:10)
  2 mummies
  2 worker ant zombies
  10 adders
  5 gnolls
  5 oozes
  3 worms
  2 dart slugs
  5 leopard geckos
  44 orcs
  6 giant cockroaches
  3 gnoll zombies (Ossuary)
  17 goblins
  9 hobgoblins
  8 jackals
  9 kobolds
  3 quokkas
  3 ball pythons
  A ball python skeleton (D:5)
  18 bats
  2 bat simulacra (Ossuary)
  3 frilled lizards
  3 goblin simulacra (Ossuary)
  A goblin zombie (Ossuary)
  2 hobgoblin zombies (Ossuary)
  A jackal zombie (D:8)
  A kobold simulacrum (Ossuary)
  2 kobold zombies (Ossuary)
  2 orc zombies (D:8)
  4 rats
  3 spectral goblins (Ossuary)
321 creatures vanquished.

Vanquished Creatures (collateral kills)
  2 slime creatures (D:5)
  Sigmund (D:5)
  An ogre (D:6)
  2 centaurs (D:6)
  A scorpion (D:5)
  2 howler monkeys (D:5)
  A crimson imp (D:5)
  A bullfrog skeleton (D:5)
  A jelly (D:6)
  A worker ant (D:4)
  2 big kobold zombies (Ossuary)
  An adder (D:5)
  2 gnolls (D:2)
  2 orcs
  3 spectral bats (Ossuary)
  A hobgoblin (D:2)
  2 jackals (D:2)
  3 gnoll zombies (Ossuary)
  A goblin simulacrum (Ossuary)
  2 goblin zombies (Ossuary)
  2 kobold simulacra (Ossuary)
  A kobold zombie (Ossuary)
  2 orc zombies (Ossuary)
  3 rat simulacra (Ossuary)
  A spectral goblin (Ossuary)
  A spectral kobold (Ossuary)
  A spectral rat (Ossuary)
43 creatures vanquished.

Vanquished Creatures (others)
  A bullfrog (D:7)
  A howler monkey (D:5)
  A giant cockroach (D:7)
  A kobold zombie (Ossuary)
  An orc zombie (Ossuary)
  4 bushes (D:10)
  7 fungi
  14 plants
  6 toadstools (D:5)
36 creatures vanquished.

Grand Total: 400 creatures vanquished

Notes
Turn   | Place    | Note
-------+----------+-------------------------------------------
     0 | D:1      | moonlyer the Deep Elf Wizard began the quest for the Orb.
     0 | D:1      | Reached XP level 1. HP: 10/10 MP: 7/7
   159 | D:1      | Reached XP level 2. HP: 11/15 MP: 2/9
   285 | D:1      | Reached skill level 5 in Spellcasting
   824 | D:1      | Learned a level 2 spell: Blink
   827 | D:1      | Learned a level 2 spell: Call Imp
  1065 | D:2      | Reached XP level 3. HP: 19/19 MP: 3/12
  1376 | D:2      | Reached XP level 4. HP: 18/24 MP: 9/13
  1440 | D:2      | Reached skill level 6 in Spellcasting
  1884 | D:3      | Found an opulent altar of Gozag.
  2291 | D:3      | Reached XP level 5. HP: 28/28 MP: 12/15
  2296 | D:3      | Learned a level 3 spell: Mephitic Cloud
  2384 | D:3      | Reached skill level 7 in Spellcasting
  2850 | D:4      | Reached skill level 1 in Fighting
  2850 | D:4      | Reached XP level 6. HP: 29/34 MP: 12/18
  3099 | D:4      | Found a glowing golden altar of the Shining One.
  3326 | D:4      | Found a sand-covered staircase.
  3333 | Ossuary  | Entered an ossuary
  3377 | Ossuary  | Reached skill level 1 in Short Blades
  3948 | D:4      | Reached XP level 7. HP: 25/38 MP: 16/20
  3954 | D:4      | Reached skill level 8 in Spellcasting
  4206 | D:5      | Entered Level 5 of the Dungeon
  4254 | D:5      | Learned a level 2 spell: Slow
  4361 | D:5      | HP: 1/38 [something (6)]
  4372 | D:5      | Noticed Prince Ribbit
  4618 | D:5      | Got a twisted leather armour
  4659 | D:5      | Noticed Sigmund
  4677 | D:5      | Killed Sigmund
  4689 | D:5      | Killed Prince Ribbit
  4689 | D:5      | Reached skill level 9 in Spellcasting
  4713 | D:5      | Identified the +2 leather armour of Words of Power {Str+2} (You found it on level 5 of the Dungeon)
  4841 | D:5      | Found a burning altar of Makhleb.
  4942 | D:5      | Reached XP level 8. HP: 43/43 MP: 17/23
  4997 | D:5      | Noticed a slime creature
  4997 | D:5      | Noticed a slime creature
  5105 | D:5      | Reached skill level 1 in Hexes
  5528 | D:5      | Killed a slime creature
  5528 | D:5      | Reached skill level 10 in Spellcasting
  5648 | D:5      | Found a staircase to the Ecumenical Temple.
  5654 | Temple   | Entered the Ecumenical Temple
  5706 | Temple   | Became a worshipper of Vehumet
  5908 | D:5      | Killed a slime creature
  6106 | D:6      | Found a deep blue altar of Sif Muna.
  6106 | D:6      | Found a stormy altar of Qazlal.
  6250 | D:6      | Found a blossoming altar of Fedhas.
  6280 | D:6      | Reached XP level 9. HP: 26/48 MP: 7/25
  6589 | D:6      | Learned a level 2 spell: Searing Ray
  6663 | D:6      | Reached skill level 1 in Poison Magic
  6680 | D:6      | Reached skill level 11 in Spellcasting
  6868 | D:6      | Reached * piety under Vehumet
  6868 | D:6      | Offered knowledge of Flame Tongue by Vehumet.
  6872 | D:6      | Learned a level 1 spell: Flame Tongue
  9070 | D:7      | Noticed Pikel
  9128 | D:7      | Killed Pikel
  9128 | D:7      | Reached skill level 5 in Dodging
  9128 | D:7      | Reached skill level 5 in Conjurations
  9128 | D:7      | Reached skill level 1 in Air Magic
  9320 | D:7      | Reached skill level 5 in Summonings
  9337 | D:7      | Learned a level 3 spell: Dazzling Spray
  9342 | D:7      | Learned a level 4 spell: Iskenderun's Mystic Blast
  9857 | D:8      | Noticed a two-headed ogre
  9864 | D:8      | Noticed a two-headed ogre
  9874 | D:8      | Killed a two-headed ogre
  9874 | D:8      | Reached skill level 5 in Stealth
  9874 | D:8      | Reached skill level 12 in Spellcasting
  9874 | D:8      | Reached XP level 10. HP: 30/53 MP: 14/28
 10222 | D:8      | Noticed Erica
 10248 | D:8      | Killed Erica
 10638 | D:8      | Noticed Psyche
 10645 | D:8      | Killed Psyche
 10645 | D:8      | Reached skill level 1 in Fire Magic
 10865 | D:8      | Reached skill level 13 in Spellcasting
 10897 | D:8      | Found a basalt altar of Yredelemnul.
 10921 | D:8      | Reached ** piety under Vehumet
 11084 | D:8      | Offered knowledge of Throw Flame by Vehumet.
 11092 | D:8      | Learned a level 2 spell: Throw Flame
 11330 | D:8      | Noticed Joseph
 11353 | D:8      | Killed Joseph
 11852 | D:9      | Noticed Erolcha
 11868 | D:9      | Noticed FessEmpty2's ghost (novice DsFi)
 11868 | D:9      | Killed Erolcha
 12061 | D:9      | Reached XP level 11. HP: 32/60 MP: 22/30
 12284 | D:9      | Offered knowledge of Stone Arrow by Vehumet.
 12381 | D:9      | Reached skill level 14 in Spellcasting
 12638 | D:9      | Learned a level 3 spell: Stone Arrow
 12785 | D:9      | Reached skill level 5 in Translocations
 12800 | D:9      | Found a sacrificial altar of Ru.
 13139 | D:9      | Found a shimmering altar of Xom.
 13142 | D:9      | Found an ancient bone altar of Kikubaaqudgha.
 13145 | D:9      | Found a hide-covered altar of Uskayaw.
 13195 | D:10     | Entered Level 10 of the Dungeon
 13326 | D:10     | Reached *** piety under Vehumet
 13512 | D:10     | Noticed ShornTheSheep's ghost (journeyman GnBe)
 13941 | D:10     | Found a staircase to the Lair.
 14155 | D:10     | Learned a level 3 spell: Conjure Flame
 14190 | D:10     | HP: 3/60 [ShornTheSheep's ghost (5)]
 14695 | D:11     | Offered knowledge of Ignite Poison by Vehumet.
 14711 | D:11     | Learned a level 3 spell: Ignite Poison
 14740 | D:11     | Noticed Nergalle
 14754 | D:11     | Killed Nergalle
 14794 | D:11     | Noticed a five-headed hydra
 14972 | D:11     | Killed a five-headed hydra
 15067 | D:11     | Reached skill level 15 in Spellcasting
 15333 | D:11     | Found a staircase to the Orcish Mines.
 15683 | D:11     | Reached **** piety under Vehumet
 15879 | Orc:1    | Entered Level 1 of the Orcish Mines
 15893 | Orc:1    | Noticed an orc sorcerer
 15903 | Orc:1    | Killed an orc sorcerer
 15908 | Orc:1    | Offered knowledge of Static Discharge by Vehumet.
 16375 | Orc:1    | HP: 1/60 [orc warrior/trident (11)]
 16376 | Orc:1    | Mangled by an orc warrior

Skill      XL: |  1  2  3  4  5  6  7  8  9 10 11 |
---------------+----------------------------------+-----
Spellcasting   | 5 6 7 9 10 12 13 15 | 15.2
Dodging        | 3 4 5 6 7 |  7.0
Conjurations   | 2 3 4 5 6 8 |  8.8
Stealth        | 3 4 5 |  5.7
Fighting       | 1 2 3 |  3.2
Short Blades   | 1 2 3 |  3.1
Summonings     | 2 3 4 5 6 |  6.0
Hexes          | 1 2 |  2.4
Translocations | 3 4 6 |  6.5
Poison Magic   | 3 |  3.9
Air Magic      | 1 |  1.3
Fire Magic     | 1 3 |  3.0
Throwing       | |  0.5
Evocations     | |  0.3

Action                   |  1- 3 |  4- 6 |  7- 9 | 10-12 || total
-------------------------+-------+-------+-------+-------++-------
Melee: Dagger            |    70 |   115 |    65 |    39 ||   289
Throw: Stone             |    21 |     6 |     2 |     1 ||    30
 Cast: Magic Dart        |    68 |   169 |   207 |     8 ||   452
       Call Imp          |       |    23 |    34 |    16 ||    73
       Mephitic Cloud    |       |     1 |    21 |     9 ||    31
       Blink             |       |     1 |    27 |    63 ||    91
       Slow              |       |       |     9 |     9 ||    18
       Flame Tongue      |       |       |    20 |    11 ||    31
       Searing Ray       |       |       |    12 |    94 ||   106
       Iskenderun's Myst |       |       |     7 |    39 ||    46
       Throw Flame       |       |       |       |   153 ||   153
       Dazzling Spray    |       |       |       |    23 ||    23
       Conjure Flame     |       |       |       |     5 ||     5
       Ignite Poison     |       |       |       |     2 ||     2
Evoke: Wand              |       |       |     3 |     5 ||     8
  Use: Scroll            |       |     1 |    12 |     3 ||    16
       Potion            |       |       |     3 |     1 ||     4
 Stab: Sleeping          |       |     1 |     2 |       ||     3
       Distracted        |       |     1 |       |       ||     1
       Confused          |       |       |     4 |     1 ||     5
       Paralysed         |       |       |       |     1 ||     1
       Invisible         |       |       |       |     1 ||     1
  Eat: Chunk             |       |     7 |     6 |     6 ||    19
       Ration            |       |     1 |     3 |     4 ||     8
Armor: Robe              |    13 |    30 |    19 |    31 ||    93
Dodge: Dodged            |    48 |    81 |    86 |   226 ||   441
